 Dungeon Crawl Stone Soup version 0.22-a0-354-g30dfbe6 (webtiles) character file.

1 Firecrotchwizard the Chopper (level 1, -1/20 HPs)
             Began as a Hill Orc Monk on Apr 17, 2018.
             Slain by a gnoll
             ... wielding a +0 spear
              (5 damage)
             ... on level 1 of the Dungeon.
             The game lasted 00:00:26 (86 turns).

Firecrotchwizard the Chopper (Hill Orc Monk)          Turns: 86, Time: 00:00:26

Health: -1/20      AC:  2    Str: 13    XL:     1   Next: 20%
Magic:  1/1        EV: 13    Int: 10    God:
Gold:   0          SH:  0    Dex: 13    Spells: 0/0 levels left

rFire    . . .     SeeInvis .   a - +0 hand axe
rCold    . . .     Gourm    .   (no shield)
rNeg     . . .     Faith    .   b - +0 robe
rPois    .         Spirit   .   (no helmet)
rElec    .         Reflect  .   (no cloak)
rCorr    .         Harm     .   (no gloves)
MR       .....                  (no boots)
Stlth    ++........             (no amulet)
HPRegen  0.06/turn              (no ring)
MPRegen  0.07/turn              (no ring)

@: no status effects
A: no striking features
a: no special abilities


You were on level 1 of the Dungeon.
You were not hungry.

You visited 1 branch of the dungeon, and saw 1 of its levels.

Inventory:

Hand Weapons
 a - a +0 hand axe (weapon)
Armour
 b - a +0 robe (worn)
Comestibles
 c - 2 rations {@e1}


   Skills:
 + Level 3.6 Fighting
 * Level 4.0 Axes
 + Level 0.1 Armour
 - Level 2.4 Dodging
 - Level 1.5 Stealth


You couldn't memorise any spells.
You didn't know any spells.

Dungeon Overview and Level Annotations

Branches:
Dungeon (1/15)

Altars:
Ashenzari


Message History

Welcome, Firecrotchwizard the Hill Orc Monk.
Will you be the one to retrieve the fabulous Orb of Zot from the depths?
Found a staircase leading out of the dungeon.
You open the door.
There is an open door here.
Found a shattered altar of Ashenzari.
There is a shattered altar of Ashenzari here.
c - 2 rations {@e1} (gained 1)
You open the door.
A hobgoblin comes into view. It is wielding a club.
There is an open door here.
A hobgoblin is nearby!
A gnoll comes into view. It is wielding a spear.
The gnoll shouts!
The hobgoblin shouts!
A jackal comes into view.
The jackal barks!
You closely miss the hobgoblin. The hobgoblin closely misses you.
A jackal comes into view.
You hit the hobgoblin but do no damage. The hobgoblin hits you with a club.
You take 1 damage, and have 18/19 hp.
There is an open door here.
A gnoll opens the door.
The jackal closely misses you.
Health restored: 19 The jackal bites you.
You take 3 damage, and have 16/19 hp.
The jackal misses you. The jackal bites you.
You take 3 damage, and have 13/19 hp.
The jackal bites you.
You take 3 damage, and have 10/19 hp.
The jackal bites you.
You take 1 damage, and have 9/19 hp.
The jackal bites you.
You take 1 damage, and have 8/19 hp.
The jackal bites you. x2
You take 2 damage, and have 6/19 hp.
You miss the jackal. The jackal bites you.
* * * LOW HITPOINT WARNING * * *
The jackal barely misses you.
You take 2 damage, and have 5/19 hp.
You aren't carrying any potions.
You hit the jackal but do no damage. x2; The jackal misses you.
The jackal bites you.
* * * LOW HITPOINT WARNING * * *
The jackal closely misses you.
You take 1 damage, and have 4/19 hp.
You hit the jackal.
You kill the jackal!
You miss the jackal.
The jackal bites you but does no damage.
You hit the hobgoblin. You hit the jackal but do no damage.
The jackal barely misses you. The hobgoblin misses you.
The jackal barely misses you.
The gnoll hits you from afar with a spear.
You die...

##'###..##.# ......
#..###.###.....#####
#.....
............⌠.......#
#.....
................#.#.+
#.....
###.#####.#####.._..#
#..... # #+# #.#.#.#
#####' #...+#####
#...g. #..#.....#
#.....
#@h#####+####.....
##g## #........####
#.g####........#
#....##........#
#....##..g.....#
#....##........#
#..............#
+..............#
#..........######


You could see a gnoll, a jackal and a hobgoblin.

Vanquished Creatures
  A jackal (D:1)
1 creature vanquished.

Notes
Turn   | Place    | Note
-------+----------+-------------------------------------------
     0 | D:1      | Firecrotchwizard the Hill Orc Monk began the quest for the Orb.
     0 | D:1      | Reached XP level 1. HP: 19/19 MP: 1/1
     7 | D:1      | Found a shattered altar of Ashenzari.
    84 | D:1      | HP: 4/19 [jackal (1)]
    86 | D:1      | Slain by a gnoll

Vault maps used:
D:1:      dpeg_arrival_rooms_a, ashenzari_altar_1

Action                   || total
-------------------------++-------
Melee: Hand axe          ||     6
Armor: Robe              ||     1
Dodge: Dodged            ||     9

Table legend:
 A = Spawn XP
 B = Non-spawn XP
 C = Spawn XP percentage of total XP
 D = Spawn monster count
 E = Non-spawn monster count
 F = Spawn count percentage of total count
 G = Total turns spent on level
                    A         B        C        D         E        F      G
               +---------+---------+-------+---------+---------+-------+---------
         Total |       0 |       2 |   0.0 |       0 |       1 |   0.0 |    86
               +---------+---------+-------+---------+---------+-------+---------
           D:1 |       0 |       2 |   0.0 |       0 |       1 |   0.0 |    86
               +---------+---------+-------+---------+---------+-------+---------

Vault maps used:
D:1:      dpeg_arrival_rooms_a, ashenzari_altar_1

Table legend:
 A = Turns spent in this place as a percentage of turns spent in the entire game.
 B = Non-inter-level travel turns spent in this place as a percentage of non-inter-level travel turns spent in the entire game.
 C = Inter-level travel turns spent in this place as a percentage of turns spent in this place.
 D = Turns resting spent in this place as a percentage of non-inter-level travel turns spent in this place.
 E = Turns spent auto-exploring this place as a percentage of non-inter-level travel turns spent in this place.
 F = Non-inter-level travel turns spent in this place divided by the number of levels of this place that you've seen.
                   A       B       C       D       E      F
               +-------+-------+-------+-------+-------+----------------------
         Total | 100.0 | 100.0 |   0.0 |   0.0 |  54.7 |  86.0
       Dungeon | 100.0 | 100.0 |   0.0 |   0.0 |  54.7 |  86.0
               +-------+-------+-------+-------+-------+----------------------

Table legend:
 A = Kills in this place as a percentage of kills in entire the game.
 B = Kills by you in this place as a percentage of kills by you in the entire game.
 C = Kills by friends in this place as a percentage of kills by friends in the entire game.
 D = Other kills in this place as a percentage of other kills in the entire game.
 E = Experience gained in this place as a percentage of experience gained in the entire game.
 F = Experience gained in this place divided by the number of levels of this place that you have seen.
                   A       B       C       D       E      F
               +-------+-------+-------+-------+-------+----------------------
         Total | 100.0 | 100.0 |   N/A |   N/A | 100.0 |   2.0
       Dungeon | 100.0 | 100.0 |   N/A |   N/A | 100.0 |   2.0
               +-------+-------+-------+-------+-------+----------------------
